 Dungeon Crawl Stone Soup version 0.18-a0-1405-g73f4075 (webtiles) character file.

1164 gorblad the Nimble (level 8, -4/38 HPs)
             Began as a Felid Monk on Feb 24, 2016.
             Was a Believer of Dithmenos.
             Slain by Tomstefer's ghost (18 damage)
             ... on level 6 of the Dungeon.
             The game lasted 00:15:38 (6241 turns).

gorblad the Nimble (Felid Monk)                     Turns: 6241, Time: 00:15:39

Health: -4/38      AC:  3    Str:  7    XL:     8   Next: 17%
Magic:  0/7        EV: 26    Int: 12    God:    Dithmenos [**....]
Gold:   200        SH:  0    Dex: 20    Spells: 0 memorised, 7 levels left
                                        Lives:  0   Deaths: 2

rFire  . . .     SeeInvis +       - Unarmed
rCold  . . .     Gourm    .     (armour unavailable)
rNeg   . . .     Faith    .     (shield unavailable)
rPois  .         Spirit   +     (helmet unavailable)
rElec  .         Dismiss  .     (cloak unavailable)
rCorr  +         Reflect  .     (gloves unavailable)
SustAt .         Harm     .     (boots unavailable)
MR     ++...                    k - amulet of guardian spirit
Stlth  +++++++...               r - ring of resist corrosion
                                g - +2 ring of strength

@: wreathed by umbra, quick, very resistant to hostile enchantments, extremely
stealthy
A: no armour, no weapons or thrown items, claws 1, fangs 3, rugged brown scales
1, see invisible, carnivore 3, speed 1, low mp 2, magic resistance 1, mutation
resistance 1, shaggy fur 2, slow metabolism 1, weak 1, sharp paws
a: Shadow Step, Renounce Religion


You were on level 6 of the Dungeon.
You worshipped Dithmenos.
Dithmenos was pleased with you.
You were completely stuffed.

You visited 2 branches of the dungeon, and saw 7 of its levels.
You also visited: Ossuary.

You collected 200 gold pieces.

Inventory:

Jewellery
 g - a +2 ring of strength (left paw)
 k - an amulet of guardian spirit (around neck)
 m - an uncursed ring of flight
 p - an uncursed amulet of guardian spirit
 r - a ring of resist corrosion (right paw)
Wands
 n - a wand of random effects (27/48)
Scrolls
 d - a scroll of recharging
 e - a scroll of noise
 h - 4 scrolls of identify
 i - 3 scrolls of amnesia
 o - 2 scrolls of teleportation
Potions
 c - 2 potions of magic
 q - 2 potions of heal wounds
 t - a potion of mutation
Comestibles
 a - 3 meat rations
 f - 3 beef jerkies
 j - a slice of pizza
 l - a royal jelly


   Skills:
 * Level 5.4 Fighting
 * Level 9.0 Dodging
 - Level 8.9 Stealth
 + Level 6.0 Unarmed Combat


You had 7 spell levels left.
You didn't know any spells.

Dungeon Overview and Level Annotations

Branches:
Dungeon (6/15)             Temple (1/1) D:5

Altars:
Cheibriados
Dithmenos
Elyvilon
Gozag
Makhleb
Nemelex Xobeh
Pakellas
Qazlal
Ru
Trog
Yredelemnul
Zin

Annotations:
D:6 Tomstefer's ghost, novice MiFi


Innate Abilities, Weirdness & Mutations

You cannot wear armour.
You are incapable of wielding weapons or throwing items.
You have sharp claws.
You have razor-sharp teeth.
You have supernaturally acute eyesight.
You are carnivorous and can eat meat at any time.
You cover ground quickly.
You are covered in thick fur (AC +2).
You have a slow metabolism.
Your sharp claws are effective at attacking unaware monsters.
You are partially covered in rugged brown scales (AC +1, +3% HP).
Your magical capacity is very low (-20% MP).
You are resistant to hostile enchantments.
You are somewhat resistant to further mutation.
You are weak. (Str -2)


Message History

Tomstefer's ghost hits you!!
You closely miss Tomstefer's ghost.
Tomstefer's ghost is lightly damaged.
Tomstefer's ghost completely misses you.
You claw Tomstefer's ghost!
You bite Tomstefer's ghost, but do no damage.
Tomstefer's ghost is moderately damaged.
You scratch Tomstefer's ghost. You bite Tomstefer's ghost.
Tomstefer's ghost is moderately damaged.
Tomstefer's ghost barely misses you.
You scratch Tomstefer's ghost but do no damage.
Tomstefer's ghost is moderately damaged.
Tomstefer's ghost misses you.
You scratch Tomstefer's ghost but do no damage.
Tomstefer's ghost is moderately damaged.
Tomstefer's ghost hits you!
You scratch Tomstefer's ghost but do no damage.
Tomstefer's ghost is moderately damaged.
Tomstefer's ghost hits you!!
You die...

# ##..###.###.#.# #
#.....#.#...#.# #
#.#...###...#.# #
#...........#.# #
###.#...###...# ##
#.#..## ###.#
.####.#.#######.###
..................#
#####.#.#.#####.@.#
#.#.#.# ##.W#
****#.#.#,#****#..#***
,,,,..#.#,,,,,,....,,*
****###.#,,****#..##,*
****#.#,,* #..#*,*
***<,,...,,* #..#*,*
*,,,,,,,**,* #..#*,*
*,*,******,* *,,**,*


You could see Tomstefer's ghost.

Vanquished Creatures
  Prince Ribbit (D:5)
  Edmund (D:5)
  2 ogres (D:5)
  Blork the orc (D:5)
  2 centaur zombies (Ossuary)
  A hound (D:4)
  7 orc wizards
  An orc priest (D:5)
  3 giant frog skeletons
  A centaur skeleton (D:6)
  An iguana (D:4)
  3 worker ants
  3 big kobold zombies (Ossuary)
  A hound zombie (D:5)
  5 mummies (Ossuary)
  2 worker ant zombies
  7 gnolls (D:3)
  7 adders
  4 worms
  An adder skeleton (D:6)
  5 giant geckos
  14 orcs
  10 giant cockroaches
  7 goblins
  6 hobgoblins
  13 jackals
  A quokka (D:3)
  3 ball pythons
  8 bats
  2 giant newts
  3 hobgoblin zombies (Ossuary)
  12 kobolds
  17 rats
155 creatures vanquished.

Notes
Turn   | Place    | Note
--------------------------------------------------------------
     0 | D:1      | gorblad the Felid Monk began the quest for the Orb.
     0 | D:1      | Reached XP level 1. HP: 10/10 MP: 2/2
   111 | D:1      | Reached XP level 2. HP: 11/14 MP: 3/3
   676 | D:2      | Reached XP level 3. HP: 17/17 MP: 4/4
  1032 | D:2      | Reached XP level 4. HP: 18/21 MP: 5/5
  1119 | D:2      | Reached skill level 5 in Dodging
  1478 | D:3      | Gained mutation: You are weak. (Str -2) [potion of mutation]
  1478 | D:3      | Gained mutation: You are partially covered in rugged brown scales (AC +1, +3% HP). [potion of mutation]
  1478 | D:3      | Gained mutation: You are resistant to hostile enchantments. [potion of mutation]
  1483 | D:3      | Killed from afar by an orc wizard
  1484 | D:3      | Reached XP level 3. HP: 0/17 MP: 4/4
  1500 | D:3      | Reached XP level 4. HP: 13/21 MP: 5/5
  1513 | D:3      | HP: 1/21 [orc wizard/magic dart (5)]
  1521 | D:3      | Reached skill level 5 in Stealth
  1528 | D:3      | Reached XP level 5. HP: 2/24 MP: 6/6
  1800 | D:3      | Found a bloodstained altar of Trog.
  1865 | D:3      | Gained mutation: Your magical capacity is low (-10% MP). [potion of mutation]
  1865 | D:3      | Gained mutation: You are somewhat resistant to further mutation. [potion of mutation]
  1866 | D:3      | Reached skill level 6 in Dodging
  3111 | D:4      | Gained mutation: You are covered in thick fur (AC +2). [Felid growth]
  3111 | D:4      | Reached XP level 6. HP: 28/28 MP: 6/6
  3871 | D:4      | Reached skill level 7 in Dodging
  4071 | D:5      | Entered Level 5 of the Dungeon
  4087 | D:5      | Reached skill level 5 in Unarmed Combat
  4087 | D:5      | Reached XP level 7. HP: 29/32 MP: 7/7
  4098 | D:5      | Found a staircase to the Ecumenical Temple.
  4149 | Temple   | Entered the Ecumenical Temple
  4358 | Temple   | Became a worshipper of Dithmenos the Shadowed
  4358 | Temple   | Reached * piety under Dithmenos
  4358 | Temple   | Reached ** piety under Dithmenos
  4397 | D:5      | Noticed Prince Ribbit
  4628 | D:5      | HP: 1/32 [Prince Ribbit (10)]
  4628 | D:5      | Demolished by Prince Ribbit
  4629 | D:5      | Reached XP level 6. HP: -17/28 MP: 6/6
  4650 | D:5      | Noticed Blork the orc
  4657 | D:5      | Killed Blork the orc
  4937 | D:5      | Killed Prince Ribbit
  4937 | D:5      | Reached skill level 8 in Dodging
  4937 | D:5      | Reached XP level 7. HP: 12/33 MP: 7/7
  5144 | D:5      | Noticed Edmund
  5151 | D:5      | Killed Edmund
  5259 | D:5      | HP: 1/33 [orc priest/club (2)]
  5903 | D:5      | Gained mutation: Your magical capacity is very low (-20% MP). [potion of mutation]
  5986 | D:6      | Noticed Tomstefer's ghost (novice MiFi)
  6002 | D:6      | Found a sand-covered staircase.
  6007 | Ossuary  | Entered an ossuary
  6016 | Ossuary  | Reached skill level 5 in Fighting
  6046 | Ossuary  | Reached XP level 8. HP: 32/38 MP: 7/7
  6141 | Ossuary  | Reached skill level 9 in Dodging
  6241 | D:6      | Slain by Tomstefer's ghost

Vault maps used:
D:1:      evilmike_arrival_crescent
D:2:      first_bread, grunt_decor_mini_mirrors, minmay_mini_jars
D:3:      st_stairs_6, trog_three_pillars_becter
D:5:      minmay_temple_entry_large_hall, columned_hall_lemuel,
          uniq_blork_the_orc, uniq_prince_ribbit1, uniq_edmund
D:6:      nicolae_overflow_hidden_temple, nicolae_ossuary_entry_plus
Temple:   triangle_lava_temple_12
Ossuary:  ossuary_the_hunt_dpeg

Skill      XL: |  1  2  3  4  5  6  7  8 |
---------------+-------------------------+-----
Stealth        | 3 5 6 8 7 |  8.9
Dodging        | 5 6 8 9 |  9.0
Fighting       | 4 5 |  5.4
Unarmed Combat | 5 6 |  6.0

Action                   |  1- 3 |  4- 6 |  7- 9 || total
-------------------------+-------+-------+-------++-------
Melee: Unarmed           |    68 |   250 |   173 ||   491
  Use: Scroll            |     4 |     4 |     4 ||    12
       Potion            |       |    10 |     3 ||    13
 Stab: Sleeping          |    26 |    20 |    16 ||    62
       Invisible         |       |     5 |       ||     5
       Distracted        |       |       |     1 ||     1
  Eat: Chunk             |     7 |    14 |     7 ||    28
